 Dungeon Crawl Stone Soup version 0.26.0-16-gc1dbca0489 (webtiles) character file.

Game seed: 17854779663131966031

207 runemasterragnar the Skirmisher (level 5, -6/59 HPs)
             Began as an Ogre Monk on Jan 20, 2021.
             Killed by triggering an arrow trap (11 damage)
             ... in an ossuary.
             The game lasted 00:05:43 (3695 turns).

runemasterragnar the Skirmisher (Ogre Monk)         Turns: 3695, Time: 00:05:44

Health: -6/59      AC:  4    Str: 16    XL:     5   Next: 85%
Magic:  5/5        EV: 11    Int: 11    God:
Gold:   164        SH:  0    Dex: 11    Spells: 4/4 levels left

rFire    . . .     SeeInvis .   s - +3 hunting sling (flame)
rCold    . . .     Faith    .   (no shield)
rNeg     . . .     Spirit   .   b - +1 robe
rPois    .         Reflect  .   (helmet restricted)
rElec    .         Harm     .   (no cloak)
rCorr    .         Rampage  .   (gloves unavailable)
Will     .....                  (boots unavailable)
Stlth    ++........             (no amulet)
HPRegen  0.19/turn              (no ring)
MPRegen  0.09/turn              (no ring)

@: no status effects
A: large, unfitting armour, tough skin 1
a: no special abilities


You were in an ossuary.
You visited 1 branch of the dungeon, and saw 4 of its levels.
You also visited: Ossuary.

You collected 164 gold pieces.

Inventory:

Hand Weapons
 a - a +0 hand axe
 o - a +0 short sword of venom
 s - a +3 hunting sling of flaming (weapon)
Missiles
 k - a sling bullet (quivered ammo)
Armour
 b - a +1 robe (worn)
Scrolls
 c - 2 scrolls of enchant weapon
 e - 2 scrolls of teleportation
 j - a scroll of identify
 l - 2 scrolls of enchant armour
Potions
 d - 2 potions of lignification {unknown}
 f - 2 potions of haste
 g - a potion of invisibility {unknown}
 h - 2 potions of mutation {unknown}
 i - 2 potions of curing
 n - a potion of degeneration {unknown}
 p - a potion of ambrosia {unknown}
 q - a potion of berserk rage {unknown}
 r - a potion of attraction {unknown}
 u - a potion of magic {unknown}


   Skills:
 * Level 6.1 Fighting
 * Level 4.6 Axes
 + Level 3.5 Dodging
 - Level 1.4 Stealth


You had 4 spell levels left.
You didn't know any spells.
Your spell library was empty.

Dungeon Overview and Level Annotations

Branches:
Dungeon (4/15)            Ossuary (1/1)
 Temple: D:4-7

Altars:
Dithmenos
Makhleb
Sif Muna
Uskayaw


Innate Abilities, Weirdness & Mutations

You are too large for most types of armour.
You have tough skin. (AC +1)


Message History

Aim: a mummy (heavily damaged)
You shoot a sling bullet.
The sling bullet hits the mummy but does no damage.
The mummy is heavily damaged.
Fire: 3 sling bullets
Press: ? - help, Q - select action Shift-Dir - straight line, f/p - mummy
Aim: a mummy (heavily damaged)
You shoot a sling bullet.
The sling bullet barely misses the mummy.
Fire: 2 sling bullets
Press: ? - help, Q - select action Shift-Dir - straight line, f/p - mummy
Aim: a mummy (heavily damaged)
You shoot a sling bullet. The sling bullet hits the mummy.
The sling bullet burns the mummy.
The mummy is heavily damaged.
The mummy hits you!
* * * LOW HITPOINT WARNING * * *
Really walk into that arrow trap?
An arrow shoots out and hits you!
You die...

#####################
.....∩.∩.∩..........#
....................#
.#+#+#+#'#'#+#......#
#.#.# ##.....# #####
###'### ##.##.#
##.##..# ##@##...#
##.##....# #.##.....#
#...8 #M((....(#
#.... #.##(...(#
#.... ##.##...(#
#(... #.##..(# #..(.
#.##.(# ..Z #^##.#


You could see a mummy.

Vanquished Creatures
  3 big kobold zombies (Ossuary)
  Robin (D:3)
  3 adders
  A worm (D:3)
  4 leopard geckos
  4 orcs (D:3)
  6 spectral bats (Ossuary)
  5 giant cockroaches
  2 gnoll zombies (Ossuary)
  17 goblins
  5 hobgoblins
  5 jackals (D:2)
  11 kobolds
  A ball python (D:1)
  8 bats
  3 frilled lizards
  3 goblin zombies (Ossuary)
  3 kobold zombies (Ossuary)
  3 orc zombies (Ossuary)
  2 rats (D:1)
  7 spectral goblins (Ossuary)
  5 spectral kobolds (Ossuary)
  A spectral rat (Ossuary)
103 creatures vanquished.

Notes
Turn   | Place    | Note
-------+----------+-------------------------------------------
     0 | D:1      | runemasterragnar the Ogre Monk began the quest for the Orb.
     0 | D:1      | Reached XP level 1. HP: 24/24 MP: 1/1
    97 | D:1      | Reached XP level 2. HP: 14/32 MP: 2/2
   838 | D:1      | Reached XP level 3. HP: 22/40 MP: 3/3
  1353 | D:2      | Found a shadowy altar of Dithmenos.
  1353 | D:2      | Found a hide-covered altar of Uskayaw.
  1794 | D:2      | Reached skill level 5 in Fighting
  1916 | D:2      | Reached XP level 4. HP: 34/50 MP: 4/4
  2298 | D:3      | Found a faded altar of an unknown god.
  2864 | D:3      | Noticed Robin
  2871 | D:3      | Killed Robin
  3149 | D:3      | Found a burning altar of Makhleb.
  3149 | D:3      | Found a shimmering blue altar of Sif Muna.
  3366 | D:4      | Reached XP level 5. HP: 55/58 MP: 5/5
  3394 | D:4      | Found a sand-covered staircase.
  3399 | Ossuary  | Entered an ossuary
  3643 | Ossuary  | Reached skill level 6 in Fighting
  3695 | Ossuary  | Killed by triggering an arrow trap

Illustrated notes

Levels and vault maps discovered:
D:1:      minmay_arrival_stone_box, layout_rooms, dk_noncrumbling_3
D:2:      layout_loops_ring, gammafunk_temple_overflow_pools,
          minmay_tree_intersection, minmay_fractal_squares_gapless_5
D:3:      layout_basic, gammafunk_temple_overflow_elements,
          chequers_ecumenical_altar_simple, uniq_robin
D:4:      layout_layer_cave, gammafunk_temple_overflow_claw,
          gammafunk_ghost_smash, enter_ossuary_2
Ossuary:  ossuary_zaba_two_paths

Skill      XL: |  1  2  3  4  5 |
---------------+----------------+-----
Dodging        | 3 |  3.5
Fighting       | 5 6 |  6.1
Axes           | 4 |  4.6
Stealth        | |  1.4

Action                   |  1- 3 |  4- 6 || total
-------------------------+-------+-------++-------
Melee: Hand axe          |   170 |    28 ||   198
       Short sword       |     6 |    26 ||    32
 Fire: Hunting sling     |       |   114 ||   114
  Use: Scroll            |       |     6 ||     6
       Potion            |       |     1 ||     1
 Stab: Sleeping          |     2 |       ||     2
       Distracted        |     1 |       ||     1
Armor: Robe              |    70 |    40 ||   110
Dodge: Dodged            |   125 |    79 ||   204
